[Event "*** SCC Grand Prix: Titled Tuesday Blitz"]
[Site "Chess.com"]
[Date "2020.06.02"]
[Round "7"]
[White "ural58"]
[Black "PowerThinking2650"]
[Result "0-1"]
[WhiteElo "2433"]
[BlackElo "2286"]
[TimeControl "180+1"]
[EndTime "11:19:20 PDT"]
[Termination "PowerThinking2650 won by checkmate"]

1. e4 e5 2. f4 Bc5 3. Nf3 d6 4. c3 Nf6 5. fxe5 dxe5 6. Nxe5 O-O 7. d4 Bd6 8. Nxf7 Qe7 9. Nxd6 cxd6 10. Bc4+ d5 11.
Bb3 Nxe4 12. Bxd5+ Kh8 13. Bxe4 Qxe4+ 14. Qe2 Qh4+ 15.
g3 Qh3 16. Bf4 Bg4 17. Qf1 Qh5 18. Nd2 Nc6 19. Qd3 Rae8+ 20. Kf2 g5 21. Rae1 gxf4 22.
Rxe8 fxg3+ 23. Kg1 Qxe8 24. hxg3 Qe1+ 25. Nf1 Qf2# 0-1

[Event "*** SCC Grand Prix: Titled Tuesday Blitz"]
[Site "Chess.com"]
[Date "2020.06.02"]
[Round "7"]
[White "Korchmar_Vasiliy"]
[Black "Gajuchess"]
[Result "1-0"]
[WhiteElo "2604"]
[BlackElo "2752"]
[TimeControl "180+1"]
[EndTime "11:19:22 PDT"]
[Termination "Korchmar_Vasiliy won by checkmate"]

1. d4 Nf6 2. c4 e6 3. g3 Bb4+ 4. Nd2 d5 5. Bg2 O-O 6. Nf3 dxc4 7.
Qc2 a5 8. a3 Bxd2+ 9. Bxd2 b5 10.
a4 c6 11. e4 b4 12. e5 Nd5 13.
Ng5 f5 14. exf6 Nxf6 15. Qxc4 h6 16. Nf3 Ba6 17. Qxe6+ Kh7 18. O-O-O Nbd7 19. Bh3 Nb6 20. Ne5 g6 21. Bf5 gxf5 22. Qxf5+ Kh8 23. Bxh6 Qd5 24. Ng6+ Kh7 25. Nxf8+ Kxh6 26. Qg6# 1-0

[Event "*** SCC Grand Prix: Titled Tuesday Blitz"]
[Site "Chess.com"]
[Date "2020.06.02"]
[Round "7"]
[White "Chuchofrio1"]
[Black "HunterBRR"]
[Result "1-0"]
[WhiteElo "2272"]
[BlackElo "2024"]
[TimeControl "180+1"]
[EndTime "11:19:22 PDT"]
[Termination "Chuchofrio1 won on time"]

1. d4 Nf6 2. c4 g6 3. Nc3 Bg7 4. e4 d6 5. h3 O-O 6. Be3 c5 7. d5 e6 8. Bd3 exd5 9. exd5 Re8 10.
Nf3 Nbd7 11. O-O Ne5 12. Nxe5 Rxe5 13. Bf4 Re8 14. Qf3 Nh5 15. Bh2 Be5 16. Bxe5 Rxe5 17. Rfe1 Nf6 18. Rxe5 dxe5 19. Qe3 Qd6 20. Nb5 Qe7 21.
d6 Qd8 22. Qxe5 Be6 23. Nc7 Rc8 24. Nxe6 fxe6 25. Qxe6+ Kg7 26. Re1 Rc6 27. Qe7+ Qxe7 28. dxe7 Ne8 29. Kf1 Kf6 30. Be4 Rc7 31. Bd5 b6 32. Re6+ Kf5 33. g4+ Kg5 34. Bc6 Ng7 35. e8=Q Nxe8 36. Bxe8 Kh4 37. Re3 Rc8 38. Kg2 Rd8 39. Re7 h6 40. Bxg6 1-0

[Event "*** SCC Grand Prix: Titled Tuesday Blitz"]
[Site "Chess.com"]
[Date "2020.06.02"]
[Round "7"]
[White "Sjakkerntobi"]
[Black "larisakalinina"]
[Result "0-1"]
[WhiteElo "2250"]
[BlackElo "1990"]
[TimeControl "180+1"]
[EndTime "11:19:22 PDT"]
[Termination "larisakalinina won by resignation"]

1. e4 c5 2. Nf3 Nc6 3. d4 cxd4 4. Nxd4 Nf6 5. Nc3 d6 6. Bg5 e6 7. Qd2 h6 8. Bh4 Be7 9. f4 Nxd4 10. Qxd4 Qa5 11.
O-O-O O-O 12. Kb1 Rd8 13. Bd3 Rb8 14. Qf2 Bd7 15. e5 dxe5 16. fxe5 Qxe5 17. Bg3 Qa5 18.
Bxb8 Rxb8 19. Ne4 Nd5 20. Rhf1 Rf8 21. c3 Ba4 22. Rde1 f5 23. Nd2 Nxc3+ 24. bxc3 Qxc3 25. Qe3 Bf6 26. Qxe6+ Kh8 27. Qe8 0-1

[Event "*** SCC Grand Prix: Titled Tuesday Blitz"]
[Site "Chess.com"]
[Date "2020.06.02"]
[Round "7"]
[White "Drags95"]
[Black "korbul"]
[Result "1-0"]
[WhiteElo "2658"]
[BlackElo "2486"]
[TimeControl "180+1"]
[EndTime "11:19:23 PDT"]
[Termination "Drags95 won by resignation"]

1. e4 c5 2. Nf3 e6 3. d4 cxd4 4. Nxd4 Nf6 5. Nc3 d6 6. g4 a6 7. g5 Nfd7 8. h4 b5 9. h5 b4 10. Nce2 Be7 11. f4 Bb7 12. Bg2 Nc5 13. Ng3 O-O 14. Be3 a5 15. Qg4 a4 16. f5 exf5 17.
Ndxf5 Nbd7 18. g6 Bf6 19. h6 fxg6 20. hxg7 Bxg7 21. Nxg7 Kxg7 22. O-O-O b3 23. Rxh7+ Kxh7 24. Rh1+ Kg7 25. Nh5+ Kf7 26. Rf1+ Ke7 27. Bg5+ Nf6 28. Nxf6 bxa2 29. Nh7+ 1-0

[Event "*** SCC Grand Prix: Titled Tuesday Blitz"]
[Site "Chess.com"]
[Date "2020.06.02"]
[Round "7"]
[White "jorquerino"]
[Black "MatyChess1"]
[Result "0-1"]
[WhiteElo "2346"]
[BlackElo "2581"]
[TimeControl "180+1"]
[EndTime "11:19:23 PDT"]
[Termination "MatyChess1 won on time"]

1. e4 c5 2. Nc3 Nc6 3. g3 g6 4.
Bg2 Bg7 5. d3 b6 6. Be3 Bb7 7. Qd2 d6 8. h3 Qd7 9. f4 f5 10. Nf3 Nd4 11. O-O Nh6 12. Qf2 Nxf3+ 13. Qxf3 O-O 14. Qe2 b5 15. Rae1 b4 16. Nd1 a5 17.
Qd2 Qa4 18. Rf2 Qxa2 19. d4 Rad8 20. e5 Bxg2 21. Kxg2 Qd5+ 22. Kh2 cxd4 23. Qxd4 dxe5 24. Qxd5+ Rxd5 25. fxe5 Rxe5 26. Rfe2 Nf7 27. Bb6 Rxe2+ 28. Rxe2 e5 29. Bxa5 Rd8 30. Ne3 Bf8 31. Nc4 Rd5 32. Bc7 Rc5 0-1

[Event "*** SCC Grand Prix: Titled Tuesday Blitz"]
[Site "Chess.com"]
[Date "2020.06.02"]
[Round "7"]
[White "tsaruk_maks"]
[Black "latixxa"]
[Result "1-0"]
[WhiteElo "2596"]
[BlackElo "2160"]
[TimeControl "180+1"]
[EndTime "11:19:24 PDT"]
[Termination "tsaruk_maks won by resignation"]

1. Nf3 d5 2. c4 e6 3. g3 Nf6 4. d4 dxc4 5. Bg2 c5 6. O-O Nc6 7.
dxc5 Qxd1 8. Rxd1 Bxc5 9. Nbd2 c3 10. bxc3 O-O 11. Nb3 Be7 12. c4 Bd7 13. Bb2 Rfd8 14. Nfd4 Nxd4 15. Nxd4 Rab8 16. Rac1 b6 17. Nc6 Bxc6 18.
Bxc6 Rbc8 19. Rxd8+ Rxd8 20. Rc2 Bc5 21. e3 Rd6 22.
Bf3 h6 23. Kf1 a5 24. h4 Bb4 25. Ke2 Nd7 26. a3 Bc5 27. Ba8 Nf6 28. e4 Rd8 29.
Bb7 Rb8 30. Bc6 Rc8 31. Bb7 Rc7 32. Ba8 Nd7 33. e5 Nf8 34. Be4 Nd7 35. h5 Kf8 36. f4 Ke7 37. g4 Nf8 38. Bc1 Rd7 39. g5 Rd4 40. gxh6 gxh6 41. Kf3 f5 42. exf6+ Kxf6 43. Bb2 e5 44. fxe5+ Kxe5 45. Bxd4+ Bxd4 46. Re2 Kd6 47. Bf5 Kc5 48. Re8 Bg7 49. Rc8+ Kd4 50. Rc6 Kc3 51. Ke4 Kb3 52. Rxb6+ Kxc4 53. a4 Kc5 54. Rb5+ Kc4 55. Rxa5 Bc3 56. Ra8 Bb4 1-0

[Event "*** SCC Grand Prix: Titled Tuesday Blitz"]
[Site "Chess.com"]
[Date "2020.06.02"]
[Round "7"]
[White "annamaja"]
[Black "VALPARAISO37"]
[Result "0-1"]
[WhiteElo "2189"]
[BlackElo "2356"]
[TimeControl "180+1"]
[EndTime "11:19:24 PDT"]
[Termination "VALPARAISO37 won by checkmate"]

1. e4 e5 2. Nf3 Nc6 3. Bb5 a6 4.
Ba4 Nf6 5. d3 Bc5 6. O-O b5 7.
Bb3 d6 8. c3 O-O 9. Nbd2 Bb6 10.
Re1 Ne7 11. Nf1 Ng6 12. Ng3 h6 13. Nf5 d5 14. Bxh6 dxe4 15. Nxg7 exf3 16. Qxf3 Bg4 17. Qg3 Kh7 18. Qe3 Nf4 19. Qxe5 Bxf2+ 20. Kh1 Nxd3 21.
Qg5 Ng8 22. Qxg4 Nxh6 23. Qe4+ f5 24. Nxf5 Nxf5 25. Red1 Qh4 26. Qxh4+ Nxh4 27. Rxd3 Nf5 28. Rd7+ Kg6 29. Bc2 Kg5 30. g3 Bb6 31. Rad1 Rae8 32. Bxf5 Rxf5 33. Rg7+ Kh6 34. Rgd7 Re2 35. R7d2 Rff2 36.
Rxe2 Rxe2 37. a4 Rxb2 38. axb5 axb5 39. h4 Kh5 40. Rd5+ Kg4 41. Rg5+ Kh3 42. Rf5 Rh2# 0-1

[Event "*** SCC Grand Prix: Titled Tuesday Blitz"]
[Site "Chess.com"]
[Date "2020.06.02"]
[Round "7"]
[White "OhanyanEminChess"]
[Black "VMikhalevski"]
[Result "0-1"]
[WhiteElo "2448"]
[BlackElo "2748"]
[TimeControl "180+1"]
[EndTime "11:19:25 PDT"]
[Termination "VMikhalevski won by checkmate"]

1. e4 e5 2. Nf3 Nc6 3. Bc4 Bc5 4.
O-O Nf6 5. d3 d6 6. h3 O-O 7. c3 a5 8. Be3 Qe7 9. Nbd2 a4 10. a3 Bd7 11. Re1 h6 12. Nf1 Na5 13. Ba2 Be6 14. Ng3 Bxe3 15. Rxe3 Nb3 16. d4 Nxa1 17.
Qxa1 g6 18. d5 Bd7 19. Qd1 Kh7 20. Nd2 Ne8 21. c4 Ng7 22. Rc3 b6 23. Bb1 Rae8 24. Nf3 f5 25. Qe2 f4 26. Nf1 g5 27. N3h2 h5 28.
f3 Rg8 29. Bc2 Rb8 30. Bd1 Ne8 31. Qc2 Nf6 32. Qd2 Rg7 33. Kf2 Rbg8 34. Ke1 Kg6 35. Qf2 Kf7 36. g4 fxg3 37. Nxg3 Bxh3 38. Ne2 Bd7 39.
Ng1 Ke8 40. b3 axb3 41. Bxb3 g4 42. Qh4 gxf3 43. Ngxf3 Rg2 44. Bd1 Bg4 45. Nxg4 hxg4 46. Ng5 Qg7 47. Ne6 Qh8 48. Qxh8 Rxh8 49. Nxc7+ Kd7 50.
Ne6 Rh1# 0-1

[Event "*** SCC Grand Prix: Titled Tuesday Blitz"]
[Site "Chess.com"]
[Date "2020.06.02"]
[Round "7"]
[White "SophieNikoladze"]
[Black "IriBu"]
[Result "1-0"]
[WhiteElo "2166"]
[BlackElo "2476"]
[TimeControl "180+1"]
[EndTime "11:19:26 PDT"]
[Termination "SophieNikoladze won on time"]

1. d4 Nf6 2. Nf3 g6 3. g3 d6 4. Bg2 Bg7 5. O-O O-O 6. c4 Ne4 7. Nc3 Nxc3 8. bxc3 c5 9. Qd3 Nc6 10. e4 e5 11. d5 Ne7 12. Nh4 f5 13. exf5 Nxf5 14.
Nf3 h6 15. Nd2 Ne7 16. Ne4 Bf5 17. Be3 Qd7 18. Qd2 Kh7 19. Rab1 b6 20. Rfe1 Rad8 21. Ra1 Bh3 22. a4 Bxg2 23. Kxg2 Qf5 24. Qd3 Qf3+ 25. Kg1 Nf5 26. Nd2 Qg4 27. Qe4 Qh3 28. Qg2 Qxg2+ 29. Kxg2 g5 30. h3 Kg6 31. a5 bxa5 32.
Rxa5 Rf7 33. Rea1 Rdd7 34. Ne4 Bf8 35. Ra6 Nxe3+ 36. fxe3 Kf5 37. Kf3 Kg6+ 38. Ke2 Kf5 39. Kd3 h5 40. Nxc5 Rc7 41. Ne6 e4+ 42. Ke2 1-0

[Event "*** SCC Grand Prix: Titled Tuesday Blitz"]
[Site "Chess.com"]
[Date "2020.06.02"]
[Round "7"]
[White "Grieve72"]
[Black "Baby_Shak"]
[Result "1-0"]
[WhiteElo "2359"]
[BlackElo "2599"]
[TimeControl "180+1"]
[EndTime "11:19:27 PDT"]
[Termination "Grieve72 won by resignation"]

1. e4 c5 2. Nf3 g6 3. d4 cxd4 4. Nxd4 Nc6 5. c4 Nf6 6. Nc3 d6 7. f3 Nxd4 8. Qxd4 Bg7 9. Be3 O-O 10. Qd2 a5 11. Na4 Be6 12. Nb6 Rb8 13. Qxa5 Nd7 14. Qb4 f5 15. Bd3 Nc5 16. O-O-O Nxd3+ 17. Rxd3 fxe4 18. fxe4 Qe8 19. Bd4 Bh6+ 20. Kb1 Qf7 21. Rf3 Qe8 22.
Rhf1 Qc6 23. Nd5 Bxd5 24. exd5 Rxf3 25. dxc6 Rxf1+ 26. Kc2 Rc1+ 27. Kb3 d5 28. cxd5 Bf4 29. Ba7 Rd8 30. Qxf4 bxc6 31. Qxc1 cxd5 32. Qc7 Re8 33. Bd4 Kf7 34. Qe5 Rc8 35. Qxd5+ Ke8 36. Qg8+ Kd7 37. Qxh7 1-0

[Event "*** SCC Grand Prix: Titled Tuesday Blitz"]
[Site "Chess.com"]
[Date "2020.06.02"]
[Round "7"]
[White "Zenzo"]
[Black "Ginzburg_Yakov"]
[Result "1-0"]
[WhiteElo "2548"]
[BlackElo "2333"]
[TimeControl "180+1"]
[EndTime "11:19:29 PDT"]
[Termination "Zenzo won by resignation"]

1. e4 c5 2. Nf3 e6 3. d4 cxd4 4.
Nxd4 Nf6 5. Nc3 Nc6 6. Ndb5 Bb4 7. a3 Bxc3+ 8. Nxc3 d5 9. exd5 exd5 10. Bd3 O-O 11.
O-O d4 12. Ne2 h6 13. Re1 Re8 14. Ng3 Be6 15. Bf4 Nd5 16. Bd2 Qd7 17. Qh5 Bg4 18. Qh4 Rxe1+ 19. Rxe1 Re8 20. Rxe8+ Qxe8 21. Qxg4 Nf6 22.
Qe2 Qd8 23. Nf5 a5 24. Bb5 Qb6 25. Bxc6 bxc6 26. b3 a4 27. b4 c5 28. g3 cxb4 29.
Bxb4 Qc7 30. Ne7+ Kh7 31. Qd3+ g6 32. Qxd4 Nd7 33. Qf4 Ne5 34. Nd5 Qb8 35. Bc3 1-0

[Event "*** SCC Grand Prix: Titled Tuesday Blitz"]
[Site "Chess.com"]
[Date "2020.06.02"]
[Round "7"]
[White "Gromes7"]
[Black "fabianvivasz"]
[Result "1-0"]
[WhiteElo "2054"]
[BlackElo "2275"]
[TimeControl "180+1"]
[EndTime "11:19:29 PDT"]
[Termination "Gromes7 won on time"]

1. d4 Nf6 2. g3 g6 3. Bg2 Bg7 4. Nf3 O-O 5. O-O d5 6. c4 dxc4 7. Na3 c3 8. bxc3 c5 9. e3 Nc6 10. Qe2 Bf5 11. Rd1 Qc8 12. d5 Na5 13. Nc4 Nxc4 14.
Qxc4 Be4 15. Ba3 b6 16. d6 exd6 17. Rxd6 Qb7 18. Nh4 Bxg2 19. Nxg2 Ne4 20. Rd3 b5 21. Qd5 Qxd5 22. Rxd5 b4 23. Bb2 bxc3 24. Ba3 Rfd8 25. Rad1 Rxd5 26. Rxd5 c2 27. f3 Nc3 28. Rxc5 Bf8 29. Rxc3 Bxa3 30. Rxc2 Rd8 31. Kf2 Rd1 32. Nf4 Kg7 33. h4 h6 34. Ne2 1-0

[Event "*** SCC Grand Prix: Titled Tuesday Blitz"]
[Site "Chess.com"]
[Date "2020.06.02"]
[Round "7"]
[White "Nara_Kh"]
[Black "talaicito"]
[Result "1-0"]
[WhiteElo "2322"]
[BlackElo "2122"]
[TimeControl "180+1"]
[EndTime "11:19:31 PDT"]
[Termination "Nara_Kh won on time"]

1. e4 e5 2. Nf3 Nc6 3. Bb5 a6 4. Ba4 Nf6 5. d3 b5 6. Bb3 Be7 7. O-O O-O 8. a4 b4 9. Nbd2 d5 10. exd5 Nxd5 11. Re1 Bf6 12. h3 g6 13. a5 Bg7 14. Nc4 Re8 15. Bd2 Rb8 16. Ng5 Nd4 17.
Ba4 Bd7 18. c3 bxc3 19. bxc3 Bxa4 20. Qxa4 Nxc3 21. Bxc3 Qxg5 22. Bxd4 Rb5 23. Be3 Qd8 24. Rad1 Rd5 25. Qc2 Re7 26. Bg5 f6 27. Be3 Red7 28. Qb3 Rxd3 29. Rxd3 Rxd3 30. Qb7 f5 31. Qxa6 f4 32. Bc5 f3 33. Qe6+ Kh8 34. Nxe5 1-0

[Event "*** SCC Grand Prix: Titled Tuesday Blitz"]
[Site "Chess.com"]
[Date "2020.06.02"]
[Round "7"]
[White "mishanick"]
[Black "Leonid_Starozhilov"]
[Result "1-0"]
[WhiteElo "2947"]
[BlackElo "2719"]
[TimeControl "180+1"]
[EndTime "11:19:32 PDT"]
[Termination "mishanick won on time"]

1. d4 Nf6 2. c4 g6 3. Nc3 Bg7 4. e4 d6 5. Be2 c6 6. Nf3 Bg4 7. Be3 Nbd7 8. Qd2 O-O 9. h3 Bxf3 10. gxf3 e5 11. d5 c5 12. f4 exf4 13. Bxf4 Re8 14.
Qc2 Qe7 15. Kf1 Nxe4 16. Nxe4 Qxe4 17. Qxe4 Rxe4 18. Bxd6 Be5 19. Bxe5 Rxe5 20. b3 Rae8 21. Bd3 Kf8 22. a3 a5 23. Rg1 Ke7 24. Rg3 Kd6 25.
Rd1 h6 26. Rf3 R5e7 27. h4 Ne5 28. Rf6+ Kd7 29. Be2 h5 30. Rb6 Kc8 31. d6 Re6 32. Bf3 Nxf3 33. d7+ Kc7 34. Rxe6 Rd8 35. Rf6 Nxh4 36. Rxf7 Nf5 37. Rd5 b6 38. Rf6 Rxd7 39. Rxg6 1-0

[Event "*** SCC Grand Prix: Titled Tuesday Blitz"]
[Site "Chess.com"]
[Date "2020.06.02"]
[Round "7"]
[White "LileKoridze"]
[Black "2346PL"]
[Result "0-1"]
[WhiteElo "2307"]
[BlackElo "2450"]
[TimeControl "180+1"]
[EndTime "11:19:32 PDT"]
[Termination "2346PL won by resignation"]

1. d4 f5 2. c4 Nf6 3. g3 g6 4.
Bg2 Bg7 5. Nh3 e6 6. O-O d6 7. Nc3 O-O 8. Nf4 c6 9. Qc2 e5 10. dxe5 dxe5 11. Nd3 Qe7 12. Rb1 e4 13. Nf4 g5 14.
Nh3 h6 15. b4 Be6 16. c5 Nbd7 17. f3 exf3 18. exf3 Qf7 19. Rd1 Nd5 20. Nxd5 Bxd5 21. a3 Ne5 22. Qf2 Bb3 23. Rd6 Nc4 24. Rd3 Ba4 25. Bf1 Bb5 26. Rd1 Rad8 27. Be3 Nxa3 28. Bxb5 Nxb1 29. Rxb1 cxb5 30. Qf1 Rfe8 31. Bc1 Qc4 0-1

[Event "*** SCC Grand Prix: Titled Tuesday Blitz"]
[Site "Chess.com"]
[Date "2020.06.02"]
[Round "7"]
[White "Redbandit87"]
[Black "Efremov_Vlad"]
[Result "1-0"]
[WhiteElo "2340"]
[BlackElo "2171"]
[TimeControl "180+1"]
[EndTime "11:19:32 PDT"]
[Termination "Redbandit87 won by resignation"]

1. d4 d5 2. Bf4 Nf6 3. e3 c5 4. c3 Nc6 5. Nd2 e6 6. Bd3 Bd6 7. Bxd6 Qxd6 8. f4 b6 9. Ngf3 Bb7 10. Ne5 Ne7 11. O-O O-O 12. Qf3 Rac8 13. g4 cxd4 14. exd4 Nd7 15. Qh3 Ng6 16. Rf2 Nf6 17. Re1 a6 18. g5 Ne4 19. Nxe4 dxe4 20. Bb1 e3 21.
Qxe3 b5 22. h4 Ne7 23. Qd3 g6 24. Ng4 Nf5 25. Nf6+ Kg7 26. h5 b4 27. Qh3 Rh8 28.
h6+ Kf8 29. Re5 Qc6 30. Be4 Qb6 31. Nd7+ 1-0

[Event "*** SCC Grand Prix: Titled Tuesday Blitz"]
[Site "Chess.com"]
[Date "2020.06.02"]
[Round "7"]
[White "PawnEatingZombie"]
[Black "pfalcon1949"]
[Result "1-0"]
[WhiteElo "2209"]
[BlackElo "2011"]
[TimeControl "180+1"]
[EndTime "11:19:32 PDT"]
[Termination "PawnEatingZombie won by resignation"]

1. d4 Nf6 2. c4 e6 3. Nc3 Bb4 4. e3 b6 5. Bd2 c5 6. Nf3 Bb7 7. Bd3 O-O 8. O-O d5 9. cxd5 exd5 10. Ne5 c4 11. Bc2 Nbd7 12. f4 Bxc3 13. bxc3 Rc8 14.
a4 Ne4 15. Qe2 f6 16. Nxd7 Qxd7 17. Bxe4 dxe4 18. Rfb1 f5 19. a5 b5 20. a6 Bc6 21.
Bc1 Rb8 22. Ba3 Rfc8 23. Bc5 Rc7 24. d5 Qxd5 25. Bd4 Rd7 26. Kf2 h6 27. g4 Rf8 28.
Rg1 Rff7 29. g5 hxg5 30. Rxg5 Qe6 31. Rag1 Ba8 32. Rg6 Qe8 33. Qh5 b4 34. Rh6 1-0

[Event "*** SCC Grand Prix: Titled Tuesday Blitz"]
[Site "Chess.com"]
[Date "2020.06.02"]
[Round "7"]
[White "BelaKis"]
[Black "canary2016"]
[Result "1-0"]
[WhiteElo "2201"]
[BlackElo "1969"]
[TimeControl "180+1"]
[EndTime "11:19:32 PDT"]
[Termination "BelaKis won by checkmate"]

1. Nf3 d5 2. g3 c6 3. Bg2 Nf6 4. O-O Bg4 5. d3 e6 6. a3 Nbd7 7. Nbd2 e5 8. h3 Bh5 9. e4 dxe4 10. dxe4 Be7 11. Qe1 O-O 12. Nh4 Re8 13. Nf5 Bc5 14. c3 Bb6 15. b4 c5 16. Bb2 cxb4 17.
axb4 Rc8 18. Nd6 Re6 19. Nxc8 Qxc8 20. g4 Bg6 21. Qe2 Rc6 22. Rfc1 Nf8 23. c4 Ne6 24. c5 Bd8 25. f3 Nf4 26. Qc4 Qd7 27. Nf1 Be7 28. Rd1 Qc7 29. Ne3 h6 30. Nd5 N6xd5 31.
exd5 Rf6 32. Rxa7 Nxg2 33. Kxg2 Rf4 34. Qe2 Bxc5 35. bxc5 Qxc5 36. Ra8+ Kh7 37. Bxe5 Rc4 38. Rd2 f6 39. Bb2 Rb4 40. d6 Rc4 41. d7 Rc2 42.
Rxc2 Bxc2 43. d8=Q Bb3 44. Qe4+ g6 45. Qh8# 1-0

[Event "*** SCC Grand Prix: Titled Tuesday Blitz"]
[Site "Chess.com"]
[Date "2020.06.02"]
[Round "7"]
[White "Koalaskakistis"]
[Black "Riptide27"]
[Result "1-0"]
[WhiteElo "2426"]
[BlackElo "2586"]
[TimeControl "180+1"]
[EndTime "11:19:35 PDT"]
[Termination "Koalaskakistis won by resignation"]

1. Nf3 g6 2. g3 Bg7 3. Bg2 e5 4. O-O Ne7 5. d3 d5 6. e4 O-O 7.
c3 Nbc6 8. Re1 a5 9. a4 Re8 10. Na3 f6 11. Nb5 Be6 12. exd5 Bxd5 13. d4 e4 14. Nd2 f5 15. Nf1 Bf7 16. f3 exf3 17.
Bxf3 Qd7 18. Ne3 Rad8 19. Bd2 Nb8 20. Qc2 c6 21. Na3 c5 22. Nb5 Nbc6 23. d5 Nxd5 24. Nc4 Nc7 25. Ncd6 Nxb5 26. Nxe8 Rxe8 27. axb5 Ne5 28.
Bg2 Bd5 29. Bf4 b6 30. Rad1 1-0

[Event "*** SCC Grand Prix: Titled Tuesday Blitz"]
[Site "Chess.com"]
[Date "2020.06.02"]
[Round "7"]
[White "OparinGrigoriy"]
[Black "Sibelephant"]
[Result "1/2-1/2"]
[WhiteElo "2928"]
[BlackElo "3158"]
[TimeControl "180+1"]
[EndTime "11:19:36 PDT"]
[Termination "Game drawn by agreement"]

1. Nf3 g6 2. e4 d6 3. d4 Nf6 4. Bd3 Bg7 5. O-O O-O 6. Re1 Nc6 7. c3 e5 8. h3 h6 9. Na3 Nh5 10. Be3 Qf6 11. Nb5 Qe7 12. dxe5 dxe5 13. b4 b6 14. a4 Rd8 15. Qc2 a6 16. Na3 Qf6 17. Nh2 Nf4 18.
Bf1 h5 19. Rad1 Be6 20. Rxd8+ Qxd8 21. Rd1 Qf6 22. Nc4 Qg5 23. Kh1 Bxc4 24. Bxf4 exf4 25. Bxc4 Ne5 26. Nf3 Nxf3 27. gxf3 b5 28. Bb3 Rd8 29. Rxd8+ Qxd8 30. axb5 axb5 31. c4 Qd6 32. cxb5 Qxb4 33. Qc4 Qxc4 34. Bxc4 1/2-1/2

[Event "*** SCC Grand Prix: Titled Tuesday Blitz"]
[Site "Chess.com"]
[Date "2020.06.02"]
[Round "7"]
[White "Perecke"]
[Black "Manukyan_Artak"]
[Result "0-1"]
[WhiteElo "2182"]
[BlackElo "2352"]
[TimeControl "180+1"]
[EndTime "11:19:37 PDT"]
[Termination "Manukyan_Artak won by resignation"]

1. e4 c6 2. Nf3 d5 3. Nc3 Bg4 4.
h3 Bxf3 5. Qxf3 Nf6 6. d4 dxe4 7. Nxe4 Qxd4 8. Bd3 Nbd7 9. Be3 Qxb2 10. O-O Ne5 11.
Nxf6+ gxf6 12. Qf5 Nxd3 13. Qxd3 Rd8 14. Qc4 Qb5 15.
Qf4 Qe5 16. Qb4 Qb5 17. Qe4 Rg8 18. c4 Qe5 19. Qf3 f5 20. Rab1 Qe4 21. Qxe4 fxe4 22. Rxb7 f5 23. Rxa7 e5 24. Rc7 f4 25. Bb6 Rd6 26.
c5 Rdg6 27. Rd1 Rxg2+ 28. Kh1 e3 29. Rb7 Be7 30. fxe3 fxe3 31. Rb8+ Kf7 32. Rxg8 Rxg8 33. a4 Bh4 34. a5 e2 35. Rd7+ Ke6 36. Rd6+ Kf5 37.
Rd1 0-1

[Event "*** SCC Grand Prix: Titled Tuesday Blitz"]
[Site "Chess.com"]
[Date "2020.06.02"]
[Round "7"]
[White "Papa12341234"]
[Black "neurisdr"]
[Result "0-1"]
[WhiteElo "2550"]
[BlackElo "2775"]
[TimeControl "180+1"]
[EndTime "11:19:38 PDT"]
[Termination "neurisdr won by resignation"]

1. e4 c5 2. Nc3 Nc6 3. Nf3 d6 4. d4 cxd4 5. Nxd4 Nf6 6. f3 e5 7.
Nb3 Be7 8. Be3 O-O 9. Be2 a5 10. a4 Nb4 11. O-O Be6 12. f4 exf4 13. Bxf4 Nxc2 14.
Qxc2 Qb6+ 15. Kh1 Bxb3 16. Qd2 Be6 17. Nd5 Bxd5 18. exd5 Ne4 19. Qe3 Qxe3 20. Bxe3 Bf6 21. Rac1 Rfe8 22. Bb5 Re7 23. Bb6 Bxb2 24. Rc2 Bf6 25.
Rfc1 g6 26. g3 Kg7 27. Rc7 Kf8 28. Rxe7 Bxe7 29. Rc7 Bd8 30. Rxb7 Bxb6 31. Rxb6 Ke7 32. Kg2 Nc5 33. Bc6 Ra7 34. Rb8 Kf6 35. Kf3 h5 36. h4 Ke5 37. Ke3 Re7 38. Ra8 Nb3 39. Kd3 Kf5 40.
Kc3 Nc5 41. Rxa5 Ne4+ 42. Kc2 Nxg3 43. Ra8 g5 44. hxg5 h4 45. Rd8 h3 46. Bd7+ Rxd7 47.
Rxd7 h2 48. Rxf7+ Kg6 49. Rf6+ Kxg5 50. Rf3 Kg4 51. a5 Kxf3 52. a6 h1=Q 53. a7 Qa1 54. a8=Q Qxa8 0-1

[Event "*** SCC Grand Prix: Titled Tuesday Blitz"]
[Site "Chess.com"]
[Date "2020.06.02"]
[Round "7"]
[White "thedjoker98"]
[Black "politeplayer"]
[Result "1-0"]
[WhiteElo "2451"]
[BlackElo "2257"]
[TimeControl "180+1"]
[EndTime "11:19:38 PDT"]
[Termination "thedjoker98 won by resignation"]

1. d4 Nf6 2. c4 c5 3. d5 e6 4.
Nc3 exd5 5. cxd5 d6 6. Nf3 g6 7. Bf4 Bg7 8. Qa4+ Bd7 9. Qb3 b5 10. Bxd6 Qb6 11. Be5 O-O 12. e3 c4 13. Qc2 b4 14. Nd1 Rc8 15. Bxc4 Bb5 16. b3 Nbd7 17. Bd4 Qa6 18. O-O Bxc4 19. bxc4 Nxd5 20. Bxg7 Kxg7 21.
Nb2 Nc3 22. a3 Qb7 23. Rfc1 Ne4 24. axb4 Qxb4 25. Qxe4 Qxb2 26. Qd4+ Qxd4 27. exd4 a5 28. c5 Nf6 29. g3 Nd5 30. Rc4 f6 31. Rca4 Rcb8 32. Rxa5 Rxa5 33. Rxa5 Rb1+ 34. Kg2 Rb2 35. Ra7+ Kh6 36. Nh4 Ne3+ 37. Kf3 Nc2 38. Ke4 Rb4 39. Rd7 f5+ 40. Ke5 Ne1 41. c6 Nd3+ 42. Kf6 Rc4 43. c7 Nxf2 44. Kf7 Ng4 45. h3 Ne3 46.
Kg8 Kg5 47. Nf3+ Kf6 48. Ne5 Rc1 49. Rd6+ Kg5 50. Rc6 Rxc6 51. Nxc6 Nd5 52. c8=Q Ne7+ 53. Nxe7 1-0

[Event "*** SCC Grand Prix: Titled Tuesday Blitz"]
[Site "Chess.com"]
[Date "2020.06.02"]
[Round "7"]
[White "Mikasinski"]
[Black "Justinz"]
[Result "0-1"]
[WhiteElo "2455"]
[BlackElo "2325"]
[TimeControl "180+1"]
[EndTime "11:19:38 PDT"]
[Termination "Justinz won on time"]

1. e4 c5 2. Nf3 d6 3. d4 cxd4 4.
Nxd4 Nf6 5. Nc3 a6 6. Be2 e5 7. Nf3 Be7 8. Bg5 Be6 9. O-O Nbd7 10. Bxf6 Nxf6 11. Ng5 Rc8 12. Nxe6 fxe6 13. Qd3 O-O 14. Rad1 Qb6 15. b3 Qc5 16. Qc4 b5 17. Qxe6+ Rf7 18. Nd5 Nxd5 19. Rxd5 Qxc2 20. Bg4 Rf8 21. f3 Kh8 22.
Rdd1 Qxa2 23. Ra1 Qc2 24. Rxa6 Qxe4 25. Kh1 Qd4 26. h3 g6 27. Rfa1 h5 28. Ra8 Kg7 29. R1a7 Rxa8 30. Rxa8 hxg4 31. hxg4 Bg5 32. Kh2 Bf4+ 33.
Kh3 Qf2 34. Rg8+ Kxg8 35. Qf6 Rxf6 0-1

[Event "*** SCC Grand Prix: Titled Tuesday Blitz"]
[Site "Chess.com"]
[Date "2020.06.02"]
[Round "7"]
[White "RobPeresian"]
[Black "Campelov"]
[Result "1-0"]
[WhiteElo "2381"]
[BlackElo "2171"]
[TimeControl "180+1"]
[EndTime "11:19:38 PDT"]
[Termination "RobPeresian won on time"]

1. Nf3 Nf6 2. c4 g6 3. Nc3 Bg7 4. e4 d6 5. d4 O-O 6. h3 e5 7. d5 a5 8. Bg5 h6 9. Be3 Na6 10. Be2 Nc5 11. Nd2 Nfd7 12. g4 Qe7 13. h4 f5 14.
gxf5 gxf5 15. exf5 Nf6 16. Rg1 Kh8 17. Nb3 Nxb3 18.
axb3 Bxf5 19. Qd2 Kh7 20. Bd3 e4 21. Be2 c6 22. Rd1 cxd5 23. Nxd5 Nxd5 24. Qxd5 Bxb2 25. Bd4 Bxd4 26. Rxd4 Rad8 27. Qxa5 Qxh4 28. Qc3 Qe7 29. Qe3 Rg8 30. Rh1 Rg6 31. Rd5 Qf6 32. Qb6 Ra8 33. Qxb7+ Rg7 34. Qxa8 Qc3+ 35. Rd2 Qc1+ 36. Bd1 e3 37.
fxe3 Qc3 38. Qf3 Bg4 39. Qe4+ 1-0

[Event "*** SCC Grand Prix: Titled Tuesday Blitz"]
[Site "Chess.com"]
[Date "2020.06.02"]
[Round "7"]
[White "Sanroto99"]
[Black "XxPetroffsxX"]
[Result "1-0"]
[WhiteElo "2298"]
[BlackElo "2055"]
[TimeControl "180+1"]
[EndTime "11:19:38 PDT"]
[Termination "Sanroto99 won on time"]

1. e4 c6 2. d4 d5 3. Nd2 dxe4 4. Nxe4 Bf5 5. Ng3 Bg6 6. h4 h6 7. h5 Bh7 8. Nf3 Nd7 9. Bd3 Bxd3 10. Qxd3 Qc7 11.
Bd2 O-O-O 12. O-O-O Ngf6 13. Ne4 Nxe4 14. Qxe4 Nf6 15. Qe2 e6 16. c4 Bd6 17. Kb1 c5 18. Bc3 Kb8 19. Ne5 Ka8 20. g4 cxd4 21. Bxd4 Bxe5 22.
Bxe5 Qc6 23. f3 Rc8 24. b3 Rhd8 25. Rhe1 a6 26. Rd3 Rxd3 27. Qxd3 Qd7 28. Rd1 Qxd3+ 29. Rxd3 Rc5 30. Rd8+ 1-0